Map: Cyber Forest LE

Players

MaSa

  • Race: Terran Terran
  • League: Master
  • Spawn Location: 5:00

Neeb - Winner!

  • Race: Protoss Protoss
  • League: Master
  • Spawn Location: 11:00

Event: 2019 WCS Winter Americas

VOD

Have the link to the VOD?

Description

Time

  • Played on: March 23, 2019, 1:07 p.m.
  • Length: 10:18

All games in this series

Show
View Real Time Build Order
Export as new Build Order

MaSa Terran 

Build Orders: Reaper Expand 

Get SALT Encoding   

  12  0:00  SCV  
  13  0:13  SCV  
  14  0:17  Supply Depot  
  14  0:25  SCV  
  15  0:38  SCV  
  15  0:39  Barracks  
  16  0:45  Refinery  
  16  0:50  SCV  
  17  1:02  SCV  
  18  1:15  SCV  
  19  1:28  Orbital Command  
  19  1:30  Reaper  
  20  1:44  Command Center  
  20  1:49  Supply Depot  
  20  1:54  SCV  
  21  2:01  Marine  
  21  2:08  Factory  
  22  2:09  SCV  
  23  2:16  Refinery  
  23  2:21  SCV  
  24  2:24  Barracks Reactor  
  24  2:33  SCV, Bunker  
  25  2:45  SCV  
  26  2:55  Starport  
  26  2:57  SCV  
  26  2:58  Factory Tech Lab  
  26  3:00  Orbital Command  
  26  3:04  Marine  
  27  3:06  Marine  
  27  3:09  SCV  
  29  3:21  SCV  
  29  3:22  Marine  
  29  3:23  Factory Tech Lab  
  29  3:24  Marine  
  32  3:29  SCV  
  32  3:33  SCV  
  34  3:38  Raven  
  34  3:39  Marine  
  37  3:41  Marine  
  37  3:45  SCV  
  38  3:51  SCV  
  39  3:56  Cyclone  
  39  3:57  Marine  
  39  3:58  SCV  
  39  3:59  Marine  
  45  4:05  Supply Depot  
  45  4:07  Command Center  
  45  4:09  SCV  
  46  4:14  Barracks  
  46  4:26  Marine  
  46  4:27  SCV  
  46  4:28  SCV  
  49  4:32  Starport Tech Lab, Supply Depot  
  49  4:35  Engineering Bay  
  49  4:37  Barracks  
  49  4:39  SCV  
  49  4:40  Siege Tank  
  49  4:43  SCV  
  54  4:46  Refinery  
  54  4:47  Refinery  
  54  4:54  Marine  
  54  4:56  Supply Depot  
  54  4:58  SCV x2, Starport Reactor  
  57  5:03  Supply Depot  
  57  5:05  Terran Infantry Weapons Level 1  
  57  5:10  SCV  
  57  5:11  SCV  
  57  5:13  Marine x3  
  62  5:20  Stimpack  
  62  5:26  Orbital Command  
  62  5:27  SCV  
  63  5:31  SCV, Marine  
  64  5:39  SCV  
  64  5:40  Siege Tank  
  66  5:43  SCV, Marine  
  66  5:45  Medivac  
  66  5:46  Medivac  
  72  5:54  Supply Depot  
  72  5:56  Marine  
  72  5:57  Marine x2  
  75  6:05  Barracks  
  75  6:06  Combat Shield, Barracks  
  75  6:10  Marine  
  76  6:12  Siege Tank  
  76  6:14  Marine x2  
  76  6:15  SCV  
  76  6:18  Supply Depot  
  82  6:19  Marauder  
  82  6:22  Medivac  
  86  6:33  Supply Depot, Orbital Command, Marine  
  86  6:34  Marauder, Marine  
  90  6:40  Marine  
  90  6:44  Siege Tank  
  94  6:51  Marine x2  
  94  6:53  Marine  
  94  6:54  Marine  
  98  6:55  Marauder  
  98  6:58  Marauder  
  98  6:59  SCV  
  100  7:09  Marine x2  
  100  7:16  Siege Tank  
  100  7:17  Marauder  
  100  7:19  Marauder, Barracks Tech Lab, Barracks Reactor  
  104  7:23  Terran Infantry Armor Level 1  
  104  7:27  Marine x2  
  106  7:32  Medivac  
  108  7:38  Marauder  
  108  7:40  Marauder, Concussive Shells  
  108  7:41  Marauder  
  114  7:44  Supply Depot  
  114  7:45  Marine x2  
  116  7:58  Siege Tank  
  116  8:00  Marauder  
  116  8:02  Marine  
  116  8:03  Marauder  
  117  8:05  Marine x3  
  117  8:06  Marauder  
  112  8:20  Marine x2  
  112  8:23  Marine x3  
  112  8:24  Marauder  
  103  8:27  Marauder  
  101  8:38  Bunker, Marine  
  101  8:39  Marauder, Bunker  
  101  8:41  Marine x3  
  101  8:46  Marauder  
  100  8:48  Marine  
  92  8:56  Siege Tank, Marine  
  92  8:59  Marine x3  
  92  9:00  Marauder, Liberator  
  99  9:06  Marine  
  99  9:07  Marauder  
  97  9:14  Viking, Marine  
  96  9:17  Marine x3  
  96  9:22  Marauder  
  104  9:25  Marauder  
  102  9:33  Marauder, Marine  
  102  9:34  Marine x2  
  102  9:35  Marine  
  95  9:43  Marauder  
  86  9:46  Marauder  
  86  9:50  Marine  
  86  9:52  Marine x3  
  86  9:54  Marauder  
Show
View Real Time Build Order
Export as new Build Order

Neeb Protoss - Winner!

Build Orders: 1 Gate Expand, Phoenix Opening, Blink Stalkers, Colossus Rush 

Get SALT Encoding   

  12  0:00  Probe  
  13  0:12  Probe  
  14  0:18  Pylon  
  14  0:24  Probe  
  15  0:32  Probe  
  15  0:40  Gateway  
  15  0:41  Probe  
  16  0:47  Assimilator  
  17  0:51  Probe  
  18  1:03  Probe  
  19  1:15  Probe  
  20  1:27  Cybernetics Core  
  20  1:33  Nexus  
  20  1:37  Probe  
  21  1:43  Pylon  
  21  1:49  Probe  
  21  1:53  Adept  
  22  1:54  Assimilator  
  22  1:58  Probe  
  22  2:03  Warp Gate  
  22  2:06  Probe  
  26  2:15  Probe  
  26  2:20  Stalker  
  27  2:27  Probe  
  30  2:39  Probe  
  30  2:43  Sentry  
  31  2:45  Probe  
  34  2:52  Probe  
  34  2:57  Probe  
  36  3:01  Twilight Council  
  36  3:04  Probe  
  37  3:09  Probe  
  38  3:14  Pylon  
  38  3:15  Gateway  
  38  3:16  Probe, Gateway  
  39  3:21  Probe  
  39  3:24  Phoenix  
  40  3:28  Probe  
  40  3:30  Blink  
  40  3:33  Probe, Pylon  
  42  3:40  Probe  
  41  3:51  Probe  
  41  3:52  Probe  
  41  3:54  Stalker  
  41  3:55  Assimilator  
  45  3:57  Robotics Facility  
  45  4:03  Probe  
  45  4:04  Assimilator, Probe  
  47  4:11  Stalker x2  
  47  4:15  Probe  
  47  4:16  Probe  
  53  4:26  Pylon  
  53  4:27  Probe  
  53  4:28  Probe  
  55  4:33  Nexus  
  55  4:37  Observer  
  55  4:39  Stalker  
  55  4:40  Stalker  
  60  4:46  Stalker  
  60  4:48  Probe x2  
  64  4:58  Forge  
  64  5:00  Probe  
  64  5:02  Robotics Bay, Probe  
  66  5:09  Pylon  
  66  5:12  Stalker, Probe  
  69  5:15  Observer  
  69  5:20  Pylon  
  70  5:22  Pylon  
  70  5:27  Probe x2  
  72  5:31  Protoss Ground Weapons Level 1  
  72  5:39  Probe x2  
  72  5:40  Colossus  
  74  5:50  Probe  
  74  5:51  Extended Thermal Lance, Probe x2  
  83  5:59  Gateway  
  83  6:01  Gateway  
  83  6:02  Probe  
  84  6:05  Gateway  
  84  6:06  Charge, Probe  
  84  6:07  Pylon  
  85  6:22  Nexus  
  85  6:25  Probe x3, Pylon  
  88  6:28  Colossus  
  94  6:40  Probe x3  
  94  6:41  Pylon  
  95  6:52  Probe x2  
  97  6:55  Pylon  
  97  6:57  Forge  
  97  6:59  Probe, Pylon  
  98  7:04  Probe  
  97  7:13  Protoss Ground Armor Level 1  
  97  7:15  Colossus, Protoss Ground Weapons Level 2  
  95  7:17  Stalker x3, Zealot x3  
  95  7:22  Gateway  
  105  7:26  Gateway  
  111  7:30  Pylon  
  111  7:31  Pylon  
  111  7:32  Pylon  
  115  7:45  Zealot x2, Sentry  
  115  7:46  Zealot, Sentry  
  115  7:50  Pylon  
  119  7:54  Colossus  
  119  8:04  Zealot  
  115  8:10  Zealot x3, Shield Battery  
  115  8:11  Zealot x2  
  115  8:12  Shield Battery  
  129  8:14  Shield Battery  
  129  8:19  Shield Battery  
  119  8:21  Zealot  
  119  8:22  Zealot  
  109  8:31  Stalker x4  
  107  8:36  Colossus  
  103  8:41  Zealot  
  103  8:42  Zealot  
  103  8:47  Zealot x2  
  101  8:56  Stalker x3  
  101  8:57  Stalker  
  109  9:09  Stalker x3  
  108  9:10  Stalker  
  107  9:23  Zealot x4  
  115  9:26  Shield Battery  
  110  9:33  Zealot x4  
  102  9:45  Stalker x4  
  102  9:55  Probe x3  
  103  10:01  Stalker  
  103  10:02  Stalker x3  
Tags
 
Add a new tag
Caveats
  • Supply blocks, unpowered buildings, or Contaminate may cause inaccurate times.
  • Supply counts are checked every 10 seconds.